 Dungeon Crawl Stone Soup version 0.31-a0-726-g3c93526463 (webtiles) character file.

Game seed: 12773205677012660811

39526 Revguard the Nimble (level 14, -1/92 HPs)
             Began as a Tengu Gladiator on Sept 11, 2023.
             Was a High Priest of Wu Jian.
             Killed by divine providence
             ... invoked by Saint Roka
              (9 damage)
             ... on level 2 of the Orcish Mines.
             The game lasted 01:02:25 (12950 turns).

Revguard the Nimble (Tengu Gladiator)              Turns: 12950, Time: 01:02:27

Health: -1/92      AC: 10    Str: 16    XL:     14   Next: 6%
Magic:  0/15       EV: 26    Int:  8    God:    Wu Jian [*****.]
Gold:   548        SH:  0    Dex: 24    Spells: 13/13 levels left

rFire   + + .        y - +2 dagger (venom)
rCold   + + .        (no shield)
rNeg    . . .        l - +1 troll leather armour
rPois   .            D - +1 hat
rElec   .            M - scarf {rC+ rF+}
rCorr   .            (no gloves)
SInv    +            (boots unavailable)
Will    +....        m - amulet of guardian spirit
Stlth   +++++        b - ring "Fockogru" {rF+ rC+ Dex+4 SInv}
HPRegen 1.15/turn    z - +4 ring of protection
MPRegen 0.14/turn

%: acrobat, guardian spirit
@: lethally poisoned (-1 -> -4), flying, studying Poison Magic
A: beak, talons 3, evasive flight, acrobatic, subdued magic 1, inability to read
after injury 1, MP-powered wands
a: Renounce Religion, Wall Jump, Serpent's Lash, Heavenly Storm


You were on level 2 of the Orcish Mines.
You worshipped Wu Jian.
Wu Jian was extremely pleased with you.
You visited 3 branches of the dungeon, and saw 16 of its levels.
You also visited: Ice Cave.

You collected 1631 gold pieces.
You spent 1083 gold pieces at shops.

Inventory:

Hand Weapons
 a - a +0 rapier of freezing
 u - a +1 short sword of holy wrath
 y - a +2 dagger of venom (weapon)
 H - a +4 great sword of chaos
Missiles
 d - 2 throwing nets (quivered)
 e - 10 javelins
 p - 5 atropa-tipped darts
 t - 4 curare-tipped darts
Armour
 l - a +1 troll leather armour (worn)
 D - a +1 hat (worn)
 G - a +1 crystal plate armour of cold resistance
 M - a scarf of resistance (worn)
 R - a +2 cloak
Jewellery
 b - the ring "Fockogru" (left hand) {rF+ rC+ Dex+4 SInv}
   (You bought it in a shop on level 6 of the Dungeon)

   [ring of protection from cold]

   Dex+4:     It affects your dexterity (+4).
   rF+:       It protects you from fire.
   rC+:       It protects you from cold.
   SInv:      It lets you see invisible.
 f - a +6 ring of strength
 m - an amulet of guardian spirit (around neck)
 z - a +4 ring of protection (right hand)
 E - a ring of protection from cold
 O - a ring of protection from cold
 P - a ring of protection from fire
Wands
 j - a wand of flame (6)
 w - a wand of mindburst (28)
 x - a wand of polymorph (24)
 L - a wand of charming (5)
Scrolls
 c - a scroll of fog
 h - 2 scrolls of noise
 i - 4 scrolls of teleportation
 n - 2 scrolls of torment
 r - 2 scrolls of revelation
 J - 2 scrolls of amnesia
 Q - a scroll of poison
Potions
 g - 2 potions of enlightenment
 k - a potion of resistance
 q - 2 potions of curing
 C - a potion of magic
 F - 3 potions of brilliance
 I - 2 potions of ambrosia
 K - a potion of lignification


   Skills:
 * Level 12.6 Fighting
 + Level 10.4 Short Blades
 + Level 5.1 Throwing
 + Level 9.7 Armour
 + Level 12.7 Dodging
 + Level 9.4 Stealth
 + Level 8.6 Evocations


You had 13 spell levels left.
You didn't know any spells.
Your spell library contained the following spells:

 Spells                   Type           Power      Damage    Failure   Level
 Sublimation of Blood     Necr           0%         N/A       54%         2
 Wereblood                Tmut           0%         N/A       54%         2
 Manifold Assault         Tloc           0%         N/A       99%         4
 Fireball                 Conj/Fire      0%         3d3       100%        5
 Iskenderun's Battlesphe  Conj           0%         2d6       100%        5
 Conjure Ball Lightning   Conj/Air       0%         3x3d6     100%        6
 Dispersal                Tloc           0%         N/A       100%        6
 Orb of Destruction       Conj           0%         9d5       100%        7
 Summon Hydra             Summ           0%         N/A       100%        7
 Disjunction              Tloc           0%         N/A       100%        8


Dungeon Overview and Level Annotations

Branches:
Dungeon (13/15)            Temple (1/1) D:6            Lair (0/5) D:8
    Orc (2/2) D:9           IceCv (visited)
    Elf: Orc:2       Vaults: D:13-14

Altars:
Ashenzari
Cheibriados
Dithmenos
Elyvilon
Fedhas
Gozag
Hepliaklqana
Kikubaaqudgha
Makhleb
Nemelex Xobeh
Okawaru
Qazlal
Ru
Sif Muna
Trog
Uskayaw
Vehumet
Wu Jian
Xom
Yredelemnul
Zin
The Shining One

Shops:
D:6 =!*[

Annotations:
D:6 exclusion: oklob plant
Orc:2 Nessos, Saint Roka


Innate Abilities, Weirdness & Mutations

You have a beak for a mouth.
You have claws for feet.
Your magical flight helps you evade attacks. (EV +4)
You can magically evade attacks while moving or waiting.
Your spells are a little easier to cast, but a little less powerful.
You occasionally lose the ability to read scrolls when taking damage.
You expend magic power (3 MP) to strengthen your wands.


Message History

The orc sorcerer hits your orc warrior with a +0 dagger.
Your orc warrior hits the orc sorcerer with a +0 broad axe.
Your orc warrior hits the warg with a +0 broad axe.
You hear a shout!
You hear a howl!
Okay, then. 2 orcs come into view.
You spin and attack the troll repeatedly.
You hit the troll. You claw the troll!
The troll is moderately wounded.
You barely miss the troll. You claw the troll.
The troll is moderately wounded.
You feel very sick.
You hear a shout!
Nessos unwields a +1 longbow of flaming.
It stops flaming.
Nessos completely misses you. x2
The orc sorcerer hits your orc warrior but does no damage.
The troll barely misses you. The troll completely misses you.
The troll barely misses you. Nessos completely misses you. Nessos misses you.
Saint Roka roars a battlecry!
The orc knights go into a battle-frenzy!
A warg comes into view.
Your orc warrior completely misses the orc sorcerer.
Your orc warrior hits the orc knight with a +0 broad axe.
The orc sorcerer hits the orc knight but does no damage.
You hear a shout!
There is a stone staircase leading up here.
You feel very sick. Nessos completely misses you. Nessos closely misses you.
Nessos hits you!
* * * LOW HITPOINT WARNING * * *
Nessos kicks you but does no damage. The troll completely misses you.
The troll misses you. The troll claws you!
* * * LOW HITPOINT WARNING * * *
The orc knight completely misses you. The orc warrior misses you.
The orc knight hits your orc warrior with a +0 war axe!!
Your orc warrior dies!
The orc knight hits the orc sorcerer with a +0 war axe!
Saint Roka invokes the aid of Beogh against you.
Beogh smites you!
You die...
Saint Roka roars, "Praise to Beogh!"

.............#....
..............#...
..................
.$........#.......
..................
.................
hoo.o.c.T....#
..o.Ooo@o....#
........o))..#
.......h.)....#
.<................
..##...............
. .$(.o)$..#......<
.....o............
..................
...#..............


You could see Saint Roka, Nessos (fast), 2 orc knights, a troll, 2 wargs, 3 orc
warriors, an ogre, 3 orcs and a neutral orc sorcerer (fast, strong, frenzied,
distracted).

Vanquished Creatures
  Jorgrun (D:13)
  Rupert (D:13)
  A reaper (IceCv)
  2 vault guards (D:13)
  The ghost of confidenceinterval the Cruncher, a journeyman HOCA of Ignis (D:10)
  A centaur warrior (D:13)
  6 two-headed ogres
  A boulder beetle (D:13)
  Nergalle (D:12)
  Urug (D:12)
  Lodul (D:12)
  Pikel (D:8)
  A deep elf pyromancer (D:12)
  3 cyclopes
  An ugly thing (D:12)
  A manticore (D:11)
  Maurice (D:11)
  An ice statue (IceCv)
  Jeremiah (D:8)
  4 unseen horror zombies (D:9)
  A komodo dragon (D:8)
  A kobold demonologist (D:12)
  A tengu conjurer (D:12)
  2 unseen horrors (D:11)
  2 anaconda simulacra (IceCv)
  An ice devil (IceCv)
  4 trolls
  Prince Ribbit (D:8)
  9 slime creatures (D:12)
  A shadow (D:6)
  4 wraiths
  A vampire (D:6)
  2 dire elephant simulacra (IceCv)
  2 wyverns
  14 yaks
  A death yak simulacrum (IceCv)
  4 humans
  3 hogs (D:8)
  3 vampire mosquitoes (D:12)
  A harpy simulacrum (IceCv)
  5 wargs
  2 acid dragons
  Duvessa (D:5)
  3 black bears
  3 orc warriors (Orc:1)
  2 sky beasts
  8 ogres
  5 centaurs
  A lemure (D:8)
  3 kobold brigands
  4 bullfrogs
  A gnoll sergeant (D:11)
  4 scorpions
  8 two-headed ogre simulacra (IceCv)
  15 wights
  Dowan (D:5)
  6 killer bees (D:9)
  2 elephant simulacra (IceCv)
  6 howler monkeys
  A lava snake (D:8)
  2 jellies
  5 centaur zombies
  A gnoll bouda (D:7)
  A hound (D:6)
  4 sleepcaps
  3 iguanas
  Ijyb (D:4)
  6 orc wizards
  6 polar bear simulacra (IceCv)
  3 spriggan simulacra (IceCv)
  7 troll simulacra (IceCv)
  A wolf simulacrum (IceCv)
  11 gnolls
  5 naga simulacra (IceCv)
  5 adders
  22 white imps
  6 ufetubi (IceCv)
  2 worms (D:5)
  3 dart slugs
  29 orcs
  5 ball pythons
  4 bats
  2 endoplasms (D:2)
  2 giant cockroaches (D:3)
  5 goblins
  4 hobgoblins
  4 jackals (D:5)
  14 kobolds
  3 quokkas
  4 frilled lizards
  5 rats
345 creatures vanquished.

Vanquished Creatures (others)
  An orc warrior (Orc:2)
  2 orc wizards
3 creatures vanquished.

Grand Total: 348 creatures vanquished

Notes
Turn   | Place    | Note
-------+----------+-------------------------------------------
     0 | D:1      | Revguard the Tengu Gladiator began the quest for the Orb.
     0 | D:1      | Reached XP level 1. HP: 12/12 MP: 2/2
   233 | D:1      | Reached XP level 2. HP: 17/17 MP: 3/3
   664 | D:2      | Reached XP level 3. HP: 20/22 MP: 4/4
  1216 | D:3      | Reached skill level 1 in Stealth
  1224 | D:3      | Reached skill level 1 in Armour
  1323 | D:3      | Noticed a wight
  1344 | D:3      | Killed a wight
  1345 | D:3      | Reached skill level 1 in Evocations
  1345 | D:3      | Reached XP level 4. HP: 28/28 MP: 5/5
  1392 | D:3      | Reached XP level 5. HP: 20/32 MP: 3/6
  1409 | D:3      | Reached XP level 6. HP: 24/37 MP: 4/7
  1917 | D:3      | Found a white marble altar of Elyvilon.
  2126 | D:3      | Reached skill level 5 in Dodging
  2499 | D:4      | Noticed Ijyb
  2502 | D:4      | Killed Ijyb
  2503 | D:4      | Gained mutation: Your magical flight helps you evade
                  | attacks. (EV +4) [Tengu growth]
  2503 | D:4      | Reached XP level 7. HP: 43/43 MP: 8/8
  2704 | D:4      | Found an opulent altar of Gozag.
  2854 | D:5      | Entered Level 5 of the Dungeon
  2854 | D:5      | Noticed Duvessa
  2854 | D:5      | Noticed Dowan
  2860 | D:5      | Killed Dowan
  2862 | D:5      | Killed Duvessa
  3259 | D:5      | Found a snail-covered altar of Cheibriados.
  3267 | D:5      | Found an ancient bone altar of Kikubaaqudgha.
  3276 | D:5      | Reached XP level 8. HP: 41/48 MP: 7/9
  3278 | D:5      | Found a sacrificial altar of Ru.
  3629 | D:6      | Reached skill level 5 in Fighting
  3753 | D:6      | Found Huwkol's Distillery.
  3761 | D:6      | Bought 2 potions of heal wounds for 130 gold pieces
  3771 | D:6      | Found a staircase to the Ecumenical Temple.
  3783 | Temple   | Entered the Ecumenical Temple
  3814 | Temple   | Became a worshipper of the Wu Jian Council
  3855 | D:6      | Found Tedwud's Assorted Antiques.
  3866 | D:6      | Bought a scroll labelled KOSSEA DOLOCW for 27 gold pieces
  3866 | D:6      | Bought a scroll labelled XEEXUHI DO VAX for 27 gold pieces
  3866 | D:6      | Bought a blue potion for 24 gold pieces
  3878 | D:6      | Found Qigygu's Antique Armour Boutique.
  3908 | D:6      | Reached skill level 5 in Short Blades
  3919 | D:6      | Found a bloodstained altar of Trog.
  4108 | D:6      | Noticed a vampire
  4115 | D:6      | Noticed a wraith
  4157 | D:6      | Killed a vampire
  4181 | D:6      | Killed a wraith
  4182 | D:6      | Reached XP level 9. HP: 40/55 MP: 3/10
  4383 | D:6      | Found Samenily's Jewellery Boutique.
  4540 | D:6      | Found a blossoming altar of Fedhas.
  4553 | D:6      | Noticed an oklob plant
  4940 | D:7      | Reached skill level 5 in Evocations
  4940 | D:7      | Reached XP level 10. HP: 65/65 MP: 11/11
  4941 | D:7      | Reached skill level 10 in Dodging
  4941 | D:7      | Reached XP level 11. HP: 72/72 MP: 12/12
  5187 | D:7      | Found a shimmering blue altar of Sif Muna.
  5356 | D:8      | Noticed Prince Ribbit
  5391 | D:8      | Killed Prince Ribbit
  5486 | D:8      | Noticed Jeremiah
  5503 | D:8      | Killed Jeremiah
  5682 | D:8      | Found a hide-covered altar of Uskayaw.
  5798 | D:8      | Noticed Pikel
  5808 | D:8      | Reached * piety under Wu Jian
  5827 | D:8      | Reached skill level 10 in Fighting
  5846 | D:8      | Killed Pikel
  6118 | D:8      | Noticed a two-headed ogre
  6120 | D:8      | Killed a two-headed ogre
  6314 | D:8      | Found a staircase to the Lair.
  6335 | D:8      | Reached XP level 12. HP: 78/78 MP: 13/13
  6430 | D:6      | Bought a smoking orb for 308 gold pieces
  6430 | D:6      | Identified the orb of Valour {*Rage, Int+2} (You bought it
                  | in a shop on level 6 of the Dungeon)
  6505 | D:9      | Found a staircase to the Orcish Mines.
  7218 | D:9      | Found an iron altar of Okawaru.
  7251 | D:9      | Reached ** piety under Wu Jian
  7562 | D:10     | Entered Level 10 of the Dungeon
  7645 | D:10     | Found a stormy altar of Qazlal.
  7810 | D:10     | Found a runed translucent gate.
  7810 | D:10     | Found a runed translucent gate.
  7810 | D:10     | Found a runed translucent gate.
  7810 | D:10     | Noticed confidenceinterval's ghost (journeyman HOCA)
  7812 | D:10     | Found a basalt altar of Yredelemnul.
  7847 | D:10     | Killed confidenceinterval's ghost
  8038 | D:10     | Found a sparkling altar of Nemelex Xobeh.
  8240 | D:10     | Noticed a two-headed ogre
  8246 | D:10     | Killed a two-headed ogre
  8302 | D:11     | Found a frozen archway.
  8328 | IceCv    | Entered an ice cave
  8439 | IceCv    | Reached *** piety under Wu Jian
  9359 | IceCv    | Noticed a reaper
  9376 | IceCv    | Reached **** piety under Wu Jian
  9405 | IceCv    | Killed a reaper
  9413 | IceCv    | Reached XP level 13. HP: 34/84 MP: 3/14
  9871 | D:11     | Gained mutation: You occasionally lose the ability to read
                  | scrolls when taking damage. [potion of mutation]
  9871 | D:11     | Gained mutation: You sometimes lose your temper in combat.
                  | [potion of mutation]
  9871 | D:11     | Gained mutation: Your body sometimes deteriorates upon
                  | taking damage. [potion of mutation]
  9872 | D:11     | Lost mutation: Your body sometimes deteriorates upon taking
                  | damage. [potion of mutation]
  9872 | D:11     | Lost mutation: You sometimes lose your temper in combat.
                  | [potion of mutation]
  9872 | D:11     | Gained mutation: You possess an exceptional clarity of
                  | mind. [potion of mutation]
  9872 | D:11     | Gained mutation: Armour fits poorly on your strangely
                  | shaped body. [potion of mutation]
  9872 | D:11     | Gained mutation: Your muscles are strong. (Str +4, Int/Dex
                  | -1) [potion of mutation]
 10243 | D:11     | Noticed Maurice
 10420 | D:11     | Killed Maurice
 10557 | D:12     | Lost mutation: Armour fits poorly on your strangely shaped
                  | body. [potion of mutation]
 10557 | D:12     | Lost mutation: You possess an exceptional clarity of mind.
                  | [potion of mutation]
 10557 | D:12     | Gained mutation: Your spells are a little easier to cast,
                  | but a little less powerful. [potion of mutation]
 10557 | D:12     | Lost mutation: Your muscles are strong. (Str +4, Int/Dex
                  | -1) [potion of mutation]
 10557 | D:12     | Gained mutation: You expend magic power (3 MP) to
                  | strengthen your wands. [potion of mutation]
 10611 | D:12     | Noticed Nergalle
 10611 | D:12     | Noticed Lodul
 10718 | D:12     | Killed Lodul
 10732 | D:12     | Killed Nergalle
 10988 | D:12     | Found a shadowy altar of Dithmenos.
 10989 | D:12     | Noticed Urug
 10996 | D:12     | Killed Urug
 11127 | D:12     | Reached skill level 10 in Short Blades
 11535 | D:6      | Bought the ring "Fockogru" {rF+ rC+ Dex+4 SInv} for 567
                  | gold pieces
 11705 | D:13     | Noticed Jorgrun
 11711 | D:13     | Killed Jorgrun
 11926 | D:13     | Noticed a vault guard
 11927 | D:13     | Noticed an ironbound thunderhulk
 11929 | D:13     | Noticed a vault guard
 11933 | D:13     | Reached ***** piety under Wu Jian
 12082 | D:13     | Noticed Rupert
 12088 | D:13     | Killed Rupert
 12149 | D:13     | Killed a vault guard
 12150 | D:13     | Reached skill level 5 in Throwing
 12203 | D:13     | Killed a vault guard
 12204 | D:13     | Reached XP level 14. HP: 81/92 MP: 11/15
 12705 | Orc:1    | Entered Level 1 of the Orcish Mines
 12939 | Orc:2    | Entered Level 2 of the Orcish Mines
 12939 | Orc:2    | Noticed Nessos
 12948 | Orc:2    | Noticed Saint Roka
 12950 | Orc:2    | Killed from afar by Saint Roka

Illustrated notes

Levels and vault maps discovered:
D:1:      scummos_arrival_simple_crosswalls, layout_rooms
D:2:      layout_loops_ring, corner_web_ring, moated_statue
D:3:      layout_loops_corners, mainiacjoe_overflow_alcove_2
D:4:      layout_loops_ring, grunt_gozag_statues, uniq_ijyb
D:5:      layout_rooms, grunt_temple_overflow_open, uniq_duvessa
D:6:      layout_basic, tgw_fedhas, bloody_trog, minmay_temple_entry_hall,
          serial_shops, shop, shop, shop, nicolae_shop_trees,
          minmay_manual_mandibuliform
D:7:      layout_cave_pools, led_sif_pool
D:8:      layout_basic, nicolae_uskayaw_suspiria, david_lair_shrubbed,
          grunt_livestock, uniq_prince_ribbit1, uniq_pikel, uniq_jeremiah
D:9:      layout_stronghold, mainiacjoe_overflow_six_doors_small,
          minmay_orc_entry_guard_dogs, serial_undead, serial_undead_e,
          serial_undead_d, serial_undead_b, serial_undead_c, serial_undead_d
D:10:     layout_roguey, mainiacjoe_overflow_boulevard,
          mainiacjoe_overflow_paths, nicolae_yredelemnul_ghost_church
D:11:     layout_irregular_city, portal_ice_cave_entry_imps, uniq_maurice
D:12:     layout_basic, nicolae_dithmenos_through_a_glass_darkly, uniq_lodul,
          uniq_urug, uniq_nergalle
D:13:     minmay_guarded_unrand_sword_of_power, layout_stronghold,
          hellmonk_vaults_keyhole, uniq_jorgrun, uniq_rupert
Temple:   jpeg_temple_island
Orc:1:    layout_caves
Orc:2:    grunt_orc_tribal_feast, layout_caves, serial_shops, shop,
          gauntlet_entry_generic, uniq_nessos, uniq_saint_roka

Skill      XL: |  1  2  3  4  5  6  7  8  9 10 11 12 13 |
---------------+----------------------------------------+-----
Stealth        | 1 2 3 4 6 7 8 9 |  9.4
Armour         | 1 2 3 4 6 7 8 9 |  9.7
Fighting       | 3 4 5 8 9 10 11 12 | 12.6
Dodging        | 4 5 6 9 10 11 12 | 12.7
Evocations     | 1 2 3 5 6 7 8 |  8.6
Short Blades   | 4 5 7 8 9 10 | 10.4
Throwing       | 3 5 |  5.1

Action                     |  1- 3 |  4- 6 |  7- 9 | 10-12 | 13-15 || total
---------------------------+-------+-------+-------+-------+-------++-------
  Melee: Rapier            |    60 |    37 |    32 |     8 |     5 ||   142
         Peck              |     6 |     5 |    80 |   176 |   161 ||   428
         Kick              |    12 |    13 |   133 |   329 |   264 ||   751
         Punch             |     1 |       |     2 |     8 |    15 ||    26
         Dagger            |       |       |   216 |   344 |   502 ||  1062
         Short sword       |       |       |    66 |   377 |    86 ||   529
  Throw: Javelin           |     3 |     9 |     6 |       |       ||    18
         Dart              |       |     2 |     3 |       |     3 ||     8
         Throwing net      |       |     2 |       |       |       ||     2
 Invoke: Serpent's Lash    |       |       |       |     1 |     2 ||     3
Ability: Lunge             |       |       |    11 |    53 |    41 ||   105
         Whirlwind         |       |       |       |   116 |   116 ||   232
         Wall Jump         |       |       |       |       |     3 ||     3
  Evoke: Wand              |       |     2 |       |     6 |     1 ||     9
    Use: Scroll            |       |    10 |     6 |     9 |     7 ||    32
         Potion            |       |     1 |     9 |     4 |     3 ||    17
   Stab: Sleeping          |       |     1 |     4 |    12 |    11 ||    28
         Held in net/web   |       |     1 |       |       |       ||     1
         Distracted        |       |       |       |     3 |       ||     3
         Invisible         |       |       |       |     2 |     1 ||     3
 Armour: Leather armour    |     2 |       |       |       |       ||     2
         Ring mail         |    11 |    14 |    88 |    66 |       ||   179
         Crystal plate arm |       |       |       |    67 |     8 ||    75
         Troll leather arm |       |       |       |    28 |    89 ||   117
  Dodge: Dodged            |    47 |    30 |   209 |   432 |   322 ||  1040

Table legend: (Time is in decaauts)
 A = Elapsed time spent in this place.
 B = Non-inter-level travel time spent in this place.
 C = Inter-level travel time spent in this place.
 D = Time resting spent in this place.
 E = Time spent auto-exploring this place.
 F = Levels seen in this place.
 G = Mean time per level.
                   A        B        C        D        E       F      G
               +--------+--------+--------+--------+--------+-----+--------+
         Total |  12533 |  11694 |    839 |   1185 |   7340 |  17 |  737.2 |
       Dungeon |  10921 |  10155 |    766 |    497 |   6943 |  13 |  840.1 |
        Temple |     61 |      2 |     59 |      0 |      0 |   1 |   61.0 |
  Orcish Mines |    242 |    229 |     13 |      0 |    163 |   2 |  121.0 |
      Ice Cave |   1308 |   1308 |      0 |    688 |    234 |   1 | 1308.0 |
               +--------+--------+--------+--------+--------+-----+--------+

Top non-repeatable levels by time:
   IceCv: 1308 daAuts
     D:6: 1150 daAuts
     D:3: 1113 daAuts
     D:8: 1104 daAuts
     D:9: 1067 daAuts
    D:12: 961 daAuts
    D:11: 855 daAuts
    D:13: 817 daAuts
    D:10: 796 daAuts
     D:5: 742 daAuts
     D:2: 640 daAuts
     D:4: 616 daAuts
     D:7: 566 daAuts
     D:1: 488 daAuts
   Orc:1: 231 daAuts
